AoeStats
← MrGrey

Arabian Desert

509206002Analyzed
1v1 RM · 7d ago on Sep 25, 2026· 22m 52s· 2 players
Game mode
Random Map
Map size
Tiny (2 player)
Population
200
Speed
Normal
Resources
Standard
Victory
Conquest
Starting age
Dark Age
Ending age
Imperial Age
RankedLock teamsTeams togetherTeam positionsShared explorationLock speedFull tech treeHidden civsTurbo modeCheats
Victory
Defeat
🇪🇸 Khitans · Spain
1447
+14
🇺🇸 Aztecs · United States
1409
-14
MrGrey
7:12 Loom
11:22 Feudal Age
12:19 Double-Bit Axe
12:18 Horse Collar
18:12 Man-at-Arms
20:39 Forging
22:20 Scale Mail Armor
DS_Atore
6:25 Loom
9:13 Feudal Age
9:53 Double-Bit Axe
19:01 Forging
22:23 Castle Age
20:47 Scale Barding Armor
22:00 Domestication
22:32 Light Cavalry
Connection lost

Rejoining the realm…

Still unreachable

The connection could not be restored.

Session expired

The server has moved on; the page needs a fresh start.